 Dungeon Crawl Stone Soup version 0.30-a0-339-g89bb51ec76 (webtiles) character file.

Game seed: 7750558005226586073

3954 retardedninja the Cleaver (level 10, -3/121 HPs)
             Began as a Hill Orc Fighter on Oct 31, 2022.
             Slain by a centaur warrior (7 damage)
             ... on level 8 of the Dungeon.
             The game lasted 00:14:28 (10760 turns).

retardedninja the Cleaver (Hill Orc Fighter)       Turns: 10760, Time: 00:14:28

Health: -3/121     AC: 25    Str: 23    XL:     10   Next: 21%
Magic:  3/3        EV:  2    Int:  7    God:
Gold:   500        SH:  6    Dex: 14    Spells: 9/9 levels left

rFire   . . .      SeeInvis .    z - +9 flail "Gesafi" {antimagic, +Blink Stlth+}
rCold   . . .      Faith    .    c - +0 buckler
rNeg    . . .      Spirit   .    (body armour currently unavailable)
rPois   +          Reflect  .    (helmet currently unavailable)
rElec   .          Harm     .    (cloak currently unavailable)
rCorr   .          Rampage  .    (gloves currently unavailable)
Will    .....      NoTele   +    (boots currently unavailable)
Stlth   ++........               s - amulet of the acrobat
HPRegen 0.40/turn                (no ring)
MPRegen 0.08/turn                (no ring)

@: mighty, tree-form, hasted, very quick
A: stationary, stasis, torment immunity, boosted hp, (horns 1), (iridescent
scales 1), agile 1, frail 1
a: Evoke Blink


You were on level 8 of the Dungeon.
You were a tree.
You visited 2 branches of the dungeon, and saw 9 of its levels.

You collected 500 gold pieces.

Inventory:

Hand Weapons
 z - the +9 flail "Gesafi" (weapon) {antimagic, +Blink Stlth+}
   (You found it on level 4 of the Dungeon)

   It reduces the magical energy of the wielder, and disrupts the spells and
   magical abilities of those it strikes.
   Natural abilities and divine invocations are not affected.
   +Blink:    It lets you blink.
   Stlth:     It makes you more stealthy.
Missiles
 H - 4 boomerangs (quivered)
Armour
 b - a +0 scale mail (melded)
 c - a +0 buckler (worn)
 g - a +0 pair of gloves (melded)
 h - a +2 cloak (melded)
 l - a +1 helmet
Jewellery
 o - a +6 ring of intelligence
 s - an amulet of the acrobat (around neck)
Wands
 y - a wand of quicksilver (8)
Scrolls
 d - a scroll of poison
 f - 4 scrolls of identify
 j - a scroll of immolation
 m - 3 scrolls of teleportation
 n - 2 scrolls of magic mapping
 r - 2 scrolls of amnesia
 w - a scroll of torment
 E - a scroll of vulnerability
Potions
 a - 2 potions of attraction
 i - a potion of brilliance
 k - a potion of lignification
 t - a potion of flight
 u - 3 potions of invisibility


   Skills:
 + Level 9.4 Fighting
 + Level 9.8 Axes
 + Level 8.6 Armour
 + Level 8.6 Shields


You had 9 spell levels left.
You didn't know any spells.
Your spell library contained the following spells:

 Spells                   Type           Power      Damage    Failure   Level
 Gell's Gravitas          Tloc           0%         N/A       86%         3
 Hailstorm                Conj/Ice       0%         3d3       86%         3
 Lesser Beckoning         Tloc           0%         N/A       86%         3
 Spider Form              Tmut/Pois      0%         N/A       86%         3
 Teleport Other           Tloc           0%         N/A       86%         3
 Airstrike                Air            0%         2d(0-16)  99%         4
 Ice Form                 Ice/Tmut       0%         N/A       99%         4
 Leda's Liquefaction      Hex/Erth       0%         N/A       99%         4
 Summon Lightning Spire   Summ/Air       0%         N/A       99%         4
 Alistair's Intoxication  Tmut/Pois      0%         N/A       100%        5
 Lightning Bolt           Conj/Air       0%         1d11      100%        5
 Simulacrum               Ice/Necr       0%         N/A       100%        6


Dungeon Overview and Level Annotations

Branches:
Dungeon (8/15)             Temple (1/1) D:6
   Lair: D:8-11

Altars:
Ashenzari
Cheibriados
Dithmenos
Elyvilon
Fedhas
Hepliaklqana
Makhleb
Nemelex Xobeh
Qazlal
Ru
Sif Muna
Trog
Uskayaw
Vehumet
Wu Jian
Yredelemnul
Zin
The Shining One

Shops:
D:4 !   D:5 [

Annotations:
D:8 2 runed translucent doors


Innate Abilities, Weirdness & Mutations

You are a tree.
Your roots penetrate the ground, keeping you stationary.
You cannot be teleported.
You are immune to unholy pain and torment.
Your maximum health is greatly increased.
Your equipment is partially melded.
((You have a pair of small horns on your head.))
((You are partially covered in iridescent scales. (AC +2)))
You are agile. (Dex +4, Str/Int -1)
You are frail. (-10% HP)


Message History

You are too injured to fight recklessly!
Unknown command.
You bludgeon the six-headed hydra!!
The six-headed hydra is heavily wounded.
You block the six-headed hydra's attack.
The six-headed hydra bites you but does no damage.
You block the six-headed hydra's attack.
The six-headed hydra closely misses you.
The six-headed hydra bites you. x2
You sock the six-headed hydra! You headbutt the six-headed hydra!
The six-headed hydra is almost dead.
The six-headed hydra bites you!
* * * LOW HITPOINT WARNING * * *
The six-headed hydra completely misses you.
The six-headed hydra closely misses you.
The six-headed hydra bites you.
* * * LOW HITPOINT WARNING * * *
The six-headed hydra bites you!
* * * LOW HITPOINT WARNING * * *
The six-headed hydra closely misses you.
Unknown command.
Really quaff the potion of lignification? [Y]es or [N]o only, please.
Really quaff the potion of lignification?
You turn into a tree.
Your +2 cloak melds into your body.
Your +0 pair of gloves melds into your body.
Your +0 scale mail melds into your body.
Your roots penetrate the ground.
You bludgeon the six-headed hydra!!
You kill the six-headed hydra!
A centaur warrior comes into view.
It is wearing the ring "Ecinwamu" {+Blink Will+ Int-2 Dex-5 SInv}.
You closely miss the centaur warrior.
The centaur warrior hits you but does no damage.
The centaur warrior kicks you but does no damage.
You bludgeon the centaur warrior!!
The centaur warrior is moderately wounded.
The centaur warrior hits you but does no damage.
The centaur warrior kicks you but does no damage.
The centaur warrior hits you!
You die...

≈≈..# ###...###..#..# #≈..#
###...###....#..# ≈≈..#
#######...###....###..# ≈≈≈.#
#....†..###...#....#..#
≈#≈.####.#...###..........#..#
≈≈≈.........##..##.##..##.#..#
.....##...###.)#'###...##.#..#
........####.###.# ###...##
......###### #♣# ###..#
....###...# ##c# ####
#.####.##+## #e# #
#.'..#.#kQ.# ## # #.###..#...#
# #...#####+## # ......###..#
. .####...###. > .# ###...###
.


You could see a centaur warrior and a deep elf pyromancer.

Vanquished Creatures
  A hydra (D:8)
  A hornet (D:8)
  Grinder (D:6)
  A slime creature (D:8)
  Eustachio (D:4)
  A wyvern (D:8)
  A steam dragon (D:7)
  3 ogres
  A phantom (D:6)
  2 kobold brigands
  5 bullfrogs
  A gnoll sergeant (D:7)
  3 necrophages
  A scorpion (D:5)
  3 killer bees (D:8)
  A howler monkey (D:6)
  An electric eel (D:8)
  3 hounds
  3 jellies
  Crazy Yiuf (D:2)
  2 orc priests
  A gnoll bouda (D:6)
  4 iguanas
  Natasha (thrice) (D:3)
  Terence (D:3)
  6 orc wizards
  18 gnolls
  7 adders
  2 shadow imps
  2 white imps
  3 ufetubi
  A worm (D:1)
  3 dart slugs
  10 orcs
  7 ball pythons
  7 bats
  8 endoplasms
  3 giant cockroaches
  2 goblins
  5 hobgoblins
  4 jackals (D:1)
  2 quokkas
  3 frilled lizards
  8 kobolds
  4 rats
151 creatures vanquished.

Vanquished Creatures (others)
  A black bear (D:7)
  4 plants (D:7)
5 creatures vanquished.

Grand Total: 156 creatures vanquished

Notes
Turn   | Place    | Note
-------+----------+-------------------------------------------
     0 | D:1      | retardedninja the Hill Orc Fighter began the quest for the
                  | Orb.
     0 | D:1      | Reached XP level 1. HP: 19/19 MP: 1/1
   120 | D:1      | Reached XP level 2. HP: 27/27 MP: 2/2
   631 | D:1      | Reached XP level 3. HP: 33/33 MP: 3/3
   833 | D:2      | Reached XP level 4. HP: 34/40 MP: 4/4
  1149 | D:2      | Found a runed translucent door.
  1150 | D:2      | Noticed Crazy Yiuf
  1931 | D:2      | Found a faded altar of an unknown god.
  2030 | D:2      | Killed Crazy Yiuf
  2031 | D:2      | Reached XP level 5. HP: 41/47 MP: 5/5
  2144 | D:3      | Noticed Terence
  2152 | D:3      | Killed Terence
  2291 | D:3      | Found a shimmering blue altar of Sif Muna.
  2466 | D:3      | Noticed Natasha
  2480 | D:3      | Killed Natasha
  2571 | D:3      | Noticed Natasha
  2580 | D:3      | Killed Natasha
  2581 | D:3      | Reached skill level 5 in Fighting
  2633 | D:3      | Noticed Natasha
  2639 | D:3      | Killed Natasha
  2640 | D:3      | Reached XP level 6. HP: 56/56 MP: 6/6
  3393 | D:4      | Reached skill level 5 in Axes
  3393 | D:4      | Reached skill level 5 in Armour
  3767 | D:4      | Found Jetour's Distillery.
  3866 | D:4      | Reached skill level 5 in Shields
  3999 | D:4      | Identified the +9 flail "Gesafi" {antimagic, +Blink Stlth+}
  4025 | D:4      | Reached XP level 7. HP: 61/61 MP: 2/7
  4247 | D:4      | Noticed Eustachio
  4262 | D:4      | Killed Eustachio
  4630 | D:4      | Identified the +1 robe of the Albatross {Rampage}
  4664 | D:5      | Entered Level 5 of the Dungeon
  5082 | D:5      | Found a white marble altar of Elyvilon.
  5099 | D:5      | Got Risuyse's Volume of Transformed Minerals
  6206 | D:5      | Found Zofelenk's Armour Shoppe.
  6814 | D:6      | Reached XP level 8. HP: 71/71 MP: 2/8
  6822 | D:6      | Noticed Grinder
  7169 | D:6      | Found a staircase to the Ecumenical Temple.
  7203 | Temple   | Entered the Ecumenical Temple
  7486 | D:6      | Reached XP level 9. HP: 72/79 MP: 3/9
  7661 | D:6      | Killed Grinder
  7772 | D:6      | Found a basalt altar of Yredelemnul.
  8057 | D:7      | Found a hazy altar of Hepliaklqana.
  9106 | D:8      | Noticed a hornet
  9111 | D:8      | Paralysed by a hornet for 2 turns
  9120 | D:8      | Killed a hornet
 10289 | D:8      | Gained mutation: You have a pair of small horns on your
                  | head. [potion of mutation]
 10289 | D:8      | Gained mutation: You are frail. (-10% HP) [potion of
                  | mutation]
 10289 | D:8      | Gained mutation: You are partially covered in iridescent
                  | scales. (AC +2) [potion of mutation]
 10289 | D:8      | Gained mutation: You are agile. (Dex +4, Str/Int -1)
                  | [potion of mutation]
 10301 | D:8      | HP: 3/73 [poisoned by a killer bee]
 10656 | D:8      | Found a runed translucent door.
 10656 | D:8      | Found a runed translucent door.
 10656 | D:8      | Noticed a tengu warrior
 10656 | D:8      | Noticed a wind drake
 10750 | D:8      | Identified the ring "Befal" {rCorr Dex+4}
 10750 | D:8      | Noticed a deep elf pyromancer
 10751 | D:8      | Noticed a six-headed hydra
 10752 | D:8      | Reached XP level 10. HP: 47/81 MP: 3/10
 10756 | D:8      | HP: 1/81 [six-headed hydra (13)]
 10758 | D:8      | Killed a six-headed hydra
 10758 | D:8      | Identified the ring "Ecinwamu" {+Blink Will+ Int-2 Dex-5
                  | SInv}
 10758 | D:8      | Noticed a centaur warrior
 10760 | D:8      | Slain by a centaur warrior

Illustrated notes

Levels and vault maps discovered:
D:1:      saegor_arrival_simple_e, layout_loops_ring, nicolae_wormholes
D:2:      layout_basic, chequers_ecumenical_altar_lobes, uniq_crazy_yiuf_cottage
D:3:      layout_rooms, mainiacjoe_overflow_small_starburst, uniq_terence,
          uniq_natasha
D:4:      layout_loops_corners, serial_shops, shop_fountains, uniq_eustachio
D:5:      layout_layer_cave, elyvilon_altar_5, serial_shops, kennysheep_mini,
          nicolae_figureground_pulse
D:6:      layout_gridville, mainiacjoe_overflow_concentric_impassable,
          minmay_temple_entry_poolview, uniq_grinder
D:7:      layout_loops_ring, nicolae_hepliaklqana_hazy_memory
D:8:      minmay_the_grid_triangle_9x9_recursive_2
          [minmay_the_grid_triangle_9x9_prize_special,
          minmay_the_grid_triangle_9x9_descending_squares,
          minmay_the_grid_triangle_9x9_swiss_cheese,
          minmay_the_grid_triangle_9x9_tough_junction], layout_basic,
          nicolae_lava_and_water
Temple:   eino_temple_lava

Skill      XL: |  1  2  3  4  5  6  7  8  9 |
---------------+----------------------------+-----
Axes           | 3 4 5 6 7 9 |  9.8
Fighting       | 4 5 6 7 9 |  9.4
Armour         | 4 5 6 8 |  8.6
Shields        | 4 5 6 8 |  8.6

Action                   |  1- 3 |  4- 6 |  7- 9 | 10-12 || total
-------------------------+-------+-------+-------+-------++-------
Melee: War axe           |    91 |   171 |       |       ||   262
       Flail             |       |     1 |   275 |     6 ||   282
       Headbutt          |       |       |     2 |     2 ||     4
Throw: Boomerang         |       |       |     3 |       ||     3
  Use: Potion            |       |     1 |    14 |     3 ||    18
       Scroll            |       |     6 |    16 |       ||    22
Armor: Scale mail        |    62 |    99 |   218 |     6 ||   385
       Skin              |       |       |       |     4 ||     4
Dodge: Dodged            |    41 |    99 |   193 |     7 ||   340
Block: Buckler           |    23 |    43 |   107 |     3 ||   176

Table legend: (Time is in decaauts)
 A = Elapsed time spent in this place.
 B = Non-inter-level travel time spent in this place.
 C = Inter-level travel time spent in this place.
 D = Time resting spent in this place.
 E = Time spent auto-exploring this place.
 F = Levels seen in this place.
 G = Mean time per level.
                   A        B        C        D        E       F      G
               +--------+--------+--------+--------+--------+-----+--------+
         Total |  10879 |  10548 |    331 |   4330 |   4859 |   9 | 1208.8 |
       Dungeon |  10814 |  10492 |    322 |   4330 |   4812 |   8 | 1351.8 |
        Temple |     64 |     55 |      9 |      0 |     47 |   1 |   64.0 |
               +--------+--------+--------+--------+--------+-----+--------+

Top non-repeatable levels by time:
     D:5: 2149 daAuts
     D:8: 1684 daAuts
     D:4: 1429 daAuts
     D:2: 1349 daAuts
     D:7: 1218 daAuts
     D:3: 1169 daAuts
     D:6: 985 daAuts
     D:1: 828 daAuts
  Temple: 64 daAuts
